 Dungeon Crawl Stone Soup version 0.28-a0-382-g33c4956463 (webtiles) character file.

Game seed: 3949781555614944182

729 McIrco the Chopper (level 7, -2/61 HPs)
             Began as a Minotaur Fighter on Sept 2, 2021.
             Slain by a gnoll (9 damage)
             ... on level 5 of the Dungeon.
             The game lasted 00:03:01 (4037 turns).

McIrco the Chopper (Minotaur Fighter)               Turns: 4037, Time: 00:03:01

Health: -2/61      AC:  7    Str: 22    XL:     7   Next: 44%
Magic:  6/6        EV: 10    Int:  5    God:
Gold:   129        SH:  4    Dex: 10    Spells: 6/6 levels left

rFire   . . .      SeeInvis +   a - +0 war axe
rCold   . . .      Faith    .   c - +0 buckler
rNeg    . . .      Spirit   .   b - +0 scale mail
rPois   .          Reflect  .   (helmet restricted)
rElec   .          Harm     .   (no cloak)
rCorr   .          Rampage  .   (no gloves)
Will    .....                   (no boots)
Stlth   ..........              (no amulet)
HPRegen 0.20/turn               i - ring of flight
MPRegen 0.10/turn               u - ring of see invisible

@: flying
A: horns 2, retaliatory headbutt
a: no special abilities


You were on level 5 of the Dungeon.
You visited 1 branch of the dungeon, and saw 5 of its levels.

You collected 129 gold pieces.

Inventory:

Hand Weapons
 a - a +0 war axe (weapon)
Armour
 b - a +0 scale mail (worn)
 c - a +0 buckler (worn)
Jewellery
 i - a ring of flight (left hand)
 u - a ring of see invisible (right hand)
 w - a ring of wizardry
 x - a +6 ring of intelligence
Wands
 j - a wand of paralysis (11)
Scrolls
 e - 2 scrolls of immolation
 f - 2 scrolls of fear {unknown}
 g - a scroll of enchant weapon {unknown}
 l - 4 scrolls of teleportation {unknown}
 n - a scroll of fog {unknown}
 p - 4 scrolls of identify {unknown}
 q - a scroll of amnesia {unknown}
 s - a scroll of brand weapon {unknown}
 v - a scroll of noise {unknown}
 y - 2 scrolls of enchant armour {unknown}
Potions
 d - 3 potions of might
 h - a potion of curing {unknown}
 k - a potion of cancellation {unknown}
 m - a potion of heal wounds {unknown}
 o - a potion of mutation {unknown}
 r - 2 potions of flight {unknown}
 t - 3 potions of lignification {unknown}


   Skills:
 + Level 5.1 Fighting
 + Level 6.8 Axes
 + Level 6.7 Armour
 + Level 1.2 Dodging
 + Level 0.3 Stealth
 + Level 4.4 Shields


You had 6 spell levels left.
You didn't know any spells.
Your spell library was empty.

Dungeon Overview and Level Annotations

Branches:
Dungeon (5/15)
 Temple: D:4-7

Altars:

Portals:
Abyss: D:3

Annotations:
D:3 2 transporters, Mandevil's ghost, weakling BaSu


Innate Abilities, Weirdness & Mutations

You have a pair of horns on your head.
You reflexively headbutt those who attack you in melee.


Message History

You headbutt the gnoll, but do no damage.
The gnoll is moderately wounded.
You hit the gnoll. The gnoll barely misses you. You block the gnoll's attack.
The gnoll hits you from afar with a +0 spear.
The gnoll hits you with a +0 flail of protection.
Unknown command.
You are too injured to fight recklessly!
You are too injured to fight recklessly!
Unknown command.
You are too injured to fight recklessly!
You slash the gnoll!
You kill the gnoll!
You hit the gnoll but do no damage.
The gnoll hits you from afar with a +0 spear.
The gnoll hits you with a +0 flail of protection.
You block the gnoll's attack.
The gnoll hits you with a +0 flail of protection!
* * * LOW HITPOINT WARNING * * *
Items here: )) ? ††.
You hit the gnoll.
The gnoll is lightly wounded.
You hit the gnoll. You block the gnoll's attack.
The gnoll hits you with a +0 flail of protection!
* * * LOW HITPOINT WARNING * * *
Unknown command.
You hit the gnoll but do no damage. You headbutt the gnoll!
The gnoll is almost dead.
You hit the gnoll but do no damage. The gnoll hits you but does no damage.
You block the gnoll's attack.
Unknown command.
You slash the gnoll!
You kill the gnoll!
You barely miss the gnoll. You block the gnoll's attack.
You hit the gnoll but do no damage.
The gnoll is heavily wounded.
You block the gnoll's attack.
You closely miss the gnoll.
The gnoll is heavily wounded.
The gnoll hits you with a +0 flail of protection!
You die...

..# #.# #.##########..†.......#
..#####.###.#...................#
.............<...<############..#
#.###.......#####.# #..# #.#
######### ###.############... #.#
#.................# ..#
#####......#########..# ###
#.....).......# #..... #
#.###g@....##.# #.#..# #.#
#.>>...##.####.#... #.#
###.##.##.#....##.# #.#
#.##.##.#.#####.#
#.#####.##.##.#.#####.#
#.##..................#
#.##.#####......####### #.##.#
#.##.### #.##.# #.##.# ###


You could see a gnoll.

Vanquished Creatures
  A wyvern (D:5)
  2 black bears (D:5)
  A scorpion (D:4)
  A water moccasin zombie (D:5)
  A water moccasin skeleton (D:5)
  A gnoll shaman (D:5)
  An orc wizard (D:4)
  4 gnolls (D:5)
  6 adders
  An ufetubus (D:4)
  2 worms
  2 dart slugs
  9 orcs
  4 ball pythons
  3 endoplasms
  6 giant cockroaches
  5 goblins
  10 hobgoblins
  8 jackals
  8 quokkas
  A frilled lizard (D:2)
  7 kobolds
  5 rats
89 creatures vanquished.

Notes
Turn   | Place    | Note
-------+----------+-------------------------------------------
     0 | D:1      | McIrco the Minotaur Fighter began the quest for the Orb.
     0 | D:1      | Reached XP level 1. HP: 19/19 MP: 0/0
   189 | D:1      | Reached XP level 2. HP: 23/27 MP: 1/1
   681 | D:1      | Found a faded altar of an unknown god.
   950 | D:2      | Reached XP level 3. HP: 22/33 MP: 2/2
  1409 | D:3      | Reached XP level 4. HP: 40/40 MP: 3/3
  1555 | D:3      | Found a transporter.
  1563 | D:3      | Noticed a small abomination
  1563 | D:3      | Noticed a small abomination
  1565 | D:3      | Found a transporter.
  1570 | D:3      | Found a one-way gate to the infinite horrors of the Abyss.
  1874 | D:3      | Noticed Mandevil's ghost (weakling BaSu)
  2632 | D:4      | Noticed a scorpion
  2637 | D:4      | Killed a scorpion
  2638 | D:4      | Reached skill level 5 in Armour
  2638 | D:4      | Reached XP level 5. HP: 34/47 MP: 4/4
  3012 | D:5      | Entered Level 5 of the Dungeon
  3056 | D:5      | Noticed a black bear
  3063 | D:5      | Killed a black bear
  3064 | D:5      | Reached skill level 5 in Axes
  3064 | D:5      | Reached XP level 6. HP: 50/53 MP: 5/5
  3344 | D:5      | Noticed a wyvern
  3351 | D:5      | Killed a wyvern
  3352 | D:5      | Reached skill level 1 in Dodging
  3439 | D:5      | Reached XP level 7. HP: 34/60 MP: 6/6
  3882 | D:5      | Reached skill level 5 in Fighting
  4037 | D:5      | Slain by a gnoll

Illustrated notes

Levels and vault maps discovered:
D:1:      nzn_arrival_water_spiral, layout_basic,
          hellmonk_ecumenical_altar_blasted
D:2:      minmay_chambers_of_twos, layout_basic
D:3:      layout_basic, gammafunk_ghost_abyssal_escape,
          chequers_serial_rivers_small_b, chequers_serial_rivers_micro_e
D:4:      layout_cave_pools
D:5:      layout_loops_ring

Skill      XL: |  1  2  3  4  5  6  7 |
---------------+----------------------+-----
Armour         | 4 5 6 |  6.7
Fighting       | 4 5 |  5.1
Axes           | 3 4 5 6 |  6.8
Shields        | 4 |  4.4
Dodging        | 1 |  1.2
Stealth        | |  0.3

Action                   |  1- 3 |  4- 6 |  7- 9 || total
-------------------------+-------+-------+-------++-------
Melee: War axe           |    82 |    91 |    34 ||   207
       Headbutt          |     9 |    12 |     8 ||    29
Armor: Scale mail        |    40 |    49 |     9 ||    98
Dodge: Dodged            |    34 |    40 |    14 ||    88
Block: Buckler           |    25 |    13 |    14 ||    52

Table legend: (Time is in decaauts)
 A = Elapsed time spent in this place.
 B = Non-inter-level travel time spent in this place.
 C = Inter-level travel time spent in this place.
 D = Time resting spent in this place.
 E = Time spent auto-exploring this place.
 F = Levels seen in this place.
 G = Mean time per level.
                   A        B        C        D        E       F      G
               +--------+--------+--------+--------+--------+-----+--------+
         Total |   4099 |   4000 |     99 |      0 |   3479 |   5 |  819.8 |
       Dungeon |   4099 |   4000 |     99 |      0 |   3479 |   5 |  819.8 |
               +--------+--------+--------+--------+--------+-----+--------+

Top non-repeatable levels by time:
     D:5: 1037 daAuts
     D:3: 851 daAuts
     D:1: 779 daAuts
     D:4: 772 daAuts
     D:2: 659 daAuts
